 Dungeon Crawl Stone Soup version 0.23.2-1-ga50397a (webtiles) character file.

Game seed: 6396127784546017408

1406 ponchio the Fighter (level 8, -4/56 HPs)
             Began as a Gargoyle Fighter on May 27, 2019.
             Was a Priest of the Shining One.
             Slain by a warg (7 damage)
             ... on level 7 of the Dungeon.
             The game lasted 00:24:18 (5710 turns).

ponchio the Fighter (Gargoyle Fighter)              Turns: 5710, Time: 00:24:19

Health: -4/56      AC: 12    Str: 24    XL:     8   Next: 70%
Magic:  8/8        EV: 13    Int: 10    God:    the Shining One [***...]
Gold:   397        SH: 10    Dex: 18    Spells: 7/7 levels left

rFire    . . .     SeeInvis .   y - +3 whip (elec)
rCold    . . .     Gourm    .   c - +0 shield
rNeg     + + .     Faith    .   g - +0 ring mail of Feasting {rElec Dex+2} (curse)
rPois    ∞         Spirit   .   (no helmet)
rElec    +         Reflect  .   n - +0 cloak {rPois}
rCorr    .         Harm     .   (no gloves)
MR       .....                  (no boots)
Stlth    +.........             (no amulet)
HPRegen  0.18/turn              (no ring)
MPRegen  0.11/turn              (no ring)

@: mighty, agile, very slightly contaminated, glowing
A: negative energy resistance 1, electricity resistance, unbreathing,
petrification resistance, rot immunity, AC +5
a: Divine Shield, Renounce Religion


You were on level 7 of the Dungeon.
You worshipped the Shining One.
The Shining One was most pleased with you.
You were not hungry.

You visited 2 branches of the dungeon, and saw 8 of its levels.
You also visited: Ossuary.

You collected 397 gold pieces.

Inventory:

Hand Weapons
 y - a +3 whip of electrocution (weapon)
Missiles
 m - 7 steel tomahawks (quivered)
 p - 5 exploding tomahawks
Armour
 a - a +3 ring mail
 c - a +0 shield (worn)
 g - the cursed +0 ring mail of Feasting (worn) {rElec Dex+2}
   (You found it on level 7 of the Dungeon)

   It affects your dexterity (+2).
   It insulates you from electricity.
   It has a curse placed upon it.
 h - a +0 ring mail
 n - a +0 cloak of poison resistance (worn)
 r - a +2 chain mail of fire resistance
Scrolls
 e - 8 scrolls of identify
 i - 3 scrolls of remove curse
 j - 2 scrolls of immolation
 l - 2 scrolls of magic mapping {unknown}
 o - 3 scrolls of amnesia {unknown}
Potions
 q - a potion of flight
 s - 2 potions of lignification
 x - a potion of berserk rage {unknown}
Comestibles
 b - 2 chunks of flesh
 f - 7 rations


   Skills:
 + Level 8.8 Fighting
 + Level 7.6 Maces & Flails
 - Level 3.2 Armour
 - Level 3.2 Shields


You had 7 spell levels left.
You didn't know any spells.
Your spell library was empty.

Dungeon Overview and Level Annotations

Branches:
Dungeon (7/15)             Temple (1/1) D:4

Altars:
Ashenzari
Cheibriados
Dithmenos
Elyvilon
Fedhas
Gozag
Hepliaklqana
Kikubaaqudgha
Makhleb
Nemelex Xobeh
Okawaru
Qazlal
Ru
Sif Muna
Trog
Vehumet
Wu Jian
Xom
Zin
The Shining One


Innate Abilities, Weirdness & Mutations

You are resistant to torment.
Your stone body is resilient. (AC +5)
You are immune to poison.
You resist negative energy. (rN+)
You are resistant to electric shocks. (rElec)
You can survive without breathing.
You are immune to petrification.
You are immune to rotting.


Message History

You are very lightly contaminated with residual magic.
As you read the scroll labeled FESCHO WOIST, it crumbles to dust.
It was a scroll of blinking. 3 wargs come into view.
The warg howls! x3
The warg completely misses you. You block the warg's attack.
You hear a howl!
Okay, then.
You block the warg's attack. The warg bites you.
The Shining One protects you from harm!
You block the warg's attack. x2; The warg bites you but does no damage.
A warg comes into view.
You block the warg's attack. The warg closely misses you.
The warg howls!
You block the warg's attack. You block the warg's attack. x2
The warg closely misses you. You block the warg's attack.
You block the warg's attack.
The warg bites the plant!
The warg bites you!
You die...

#######################
.o.......)...........(#
#######################
......................#
≈≈≈≈≈≈≈≈≈≈≈≈≈≈≈≈≈≈≈≈≈≈##
§§§≈≈≈≈≈≈≈≈≈≈≈≈≈≈≈≈≈≈≈≈≈
§§§≈≈≈≈≈≈≈≈≈≈≈≈h≈≈≈≈≈≈≈≈
§§§".....hhhhhPh@.......
§§........h.h.hhP.......
########################


You could see 11 wargs.

Vanquished Creatures
  A wraith (Ossuary)
  A hungry ghost (D:6)
  A sky beast (D:6)
  An ice beast (D:6)
  A centaur (D:6)
  A big kobold (D:5)
  A bullfrog (D:6)
  Blork the orc (D:4)
  2 howler monkeys
  A crimson imp (D:5)
  Crazy Yiuf (D:3)
  A centaur skeleton (D:4)
  2 hounds
  An orc wizard (D:4)
  A bullfrog skeleton (D:5)
  Terence (D:3)
  3 worker ants (D:4)
  A mummy (Ossuary)
  4 gnolls (D:5)
  7 adders
  3 shadow imps
  An ooze (D:2)
  An adder skeleton (D:2)
  A worm (D:3)
  2 dart slugs (D:2)
  7 leopard geckos
  11 orcs
  3 ball pythons
  4 bats
  9 giant cockroaches
  8 goblins
  4 hobgoblins
  13 jackals
  11 kobolds
  3 quokkas
  5 frilled lizards
  6 gnoll skeletons (Ossuary)
  A goblin zombie (D:5)
  6 kobold skeletons (Ossuary)
  A leopard gecko skeleton (D:6)
  13 orc skeletons (Ossuary)
  A quokka skeleton (D:5)
  5 rats
  A rat zombie (D:5)
153 creatures vanquished.

Notes
Turn   | Place    | Note
-------+----------+-------------------------------------------
     0 | D:1      | ponchio the Gargoyle Fighter began the quest for the Orb.
     0 | D:1      | Reached XP level 1. HP: 14/14 MP: 1/1
   111 | D:1      | Reached XP level 2. HP: 19/19 MP: 2/2
   644 | D:2      | Reached XP level 3. HP: 24/24 MP: 3/3
   698 | D:2      | Reached skill level 4 in Fighting
   734 | D:2      | Found an opulent altar of Gozag.
   734 | D:2      | Found a bloodstained altar of Trog.
   736 | D:2      | Found a shadowy altar of Dithmenos.
   736 | D:2      | Found a deep blue altar of Sif Muna.
   748 | D:2      | Found a sparkling altar of Nemelex Xobeh.
   748 | D:2      | Found a stormy altar of Qazlal.
   805 | D:2      | Reached XP level 4. HP: 22/30 MP: 4/4
  1048 | D:2      | Found a shattered altar of Ashenzari.
  1411 | D:3      | Reached XP level 5. HP: 34/34 MP: 5/5
  1499 | D:3      | Found a faded altar of an unknown god.
  1660 | D:3      | Found a runed translucent door.
  1661 | D:3      | Noticed Crazy Yiuf
  1752 | D:3      | Noticed Terence
  1764 | D:3      | Killed Terence
  1764 | D:3      | Reached skill level 5 in Fighting
  1773 | D:3      | Found a deep blue altar of Sif Muna.
  1864 | D:3      | HP: 2/52 [Crazy Yiuf/+3 quarterstaff of chaos (1)]
  1874 | D:3      | Killed Crazy Yiuf
  2068 | D:4      | Found a staircase to the Ecumenical Temple.
  2096 | Temple   | Entered the Ecumenical Temple
  2115 | Temple   | Became a worshipper of the Shining One
  2359 | D:4      | Found an ornate altar of the Wu Jian Council.
  2373 | D:4      | Reached XP level 6. HP: 34/40 MP: 6/6
  2716 | D:4      | Found an iron altar of Okawaru.
  2716 | D:4      | Noticed Blork the orc
  2744 | D:4      | Killed Blork the orc
  2744 | D:4      | Reached skill level 6 in Fighting
  2744 | D:4      | Reached skill level 5 in Maces & Flails
  3009 | D:4      | Found an ancient bone altar of Kikubaaqudgha.
  3009 | D:4      | Noticed a human
  3206 | D:4      | Reached XP level 7. HP: 44/47 MP: 7/7
  3257 | D:5      | Entered Level 5 of the Dungeon
  3304 | D:5      | Found a sand-covered staircase.
  3311 | Ossuary  | Entered an ossuary
  3311 | Ossuary  | Noticed a wraith
  3311 | Ossuary  | Noticed a wraith
  3311 | Ossuary  | Reached * piety under the Shining One
  3311 | Ossuary  | Noticed a wraith
  3438 | Ossuary  | Reached ** piety under the Shining One
  3541 | Ossuary  | Noticed a wraith
  3554 | Ossuary  | Killed a wraith
  3554 | Ossuary  | Reached skill level 7 in Fighting
  3611 | D:5      | Reached *** piety under the Shining One
  3910 | D:5      | Reached XP level 8. HP: 49/53 MP: 8/8
  4421 | D:6      | Reached skill level 8 in Fighting
  4604 | D:6      | Found a hazy altar of Hepliaklqana.
  4653 | D:6      | Found a shimmering altar of Xom.
  5538 | D:7      | Got a faintly glowing ring mail
  5580 | D:7      | Identified the cursed +0 ring mail of Feasting {rElec
                  | Dex+2} (You found it on level 7 of the Dungeon)
  5699 | D:7      | HP: 1/56 [warg (4)]
  5701 | D:7      | The Shining One protects you from harm!
  5710 | D:7      | Slain by a warg

Skill      XL: |  1  2  3  4  5  6  7  8 |
---------------+-------------------------+-----
Fighting       | 4 5 6 7 8 |  8.8
Maces & Flails | 3 4 5 6 7 |  7.6
Armour         | |  3.2
Shields        | |  3.2

Action                   |  1- 3 |  4- 6 |  7- 9 || total
-------------------------+-------+-------+-------++-------
Melee: Flail             |   148 |   244 |   119 ||   511
       Whip              |       |       |    94 ||    94
Invok: Divine Shield     |       |       |     1 ||     1
  Use: Potion            |       |     4 |     3 ||     7
       Scroll            |       |       |    14 ||    14
  Eat: Chunk             |       |     8 |     7 ||    15
       Ration            |       |       |     1 ||     1
Armor: Scale mail        |    30 |       |       ||    30
       Ring mail         |    51 |   154 |    16 ||   221
       Skin              |       |     7 |       ||     7
       Chain mail        |       |    60 |    89 ||   149
Dodge: Dodged            |    60 |   110 |    47 ||   217
Block: Shield            |    77 |   181 |   121 ||   379
